| 12 | 0:08 | SCV | |
| 13 | 0:16 | SCV | |
| 14 | 0:23 | Supply Bunker, Dominion Trooper x6 | |
| 14 | 0:24 | SCV | |
| 21 | 0:32 | SCV x3 | |
| 21 | 0:34 | SCV | |
| 21 | 0:35 | SCV x3 | |
| 22 | 0:40 | SCV | |
| 22 | 0:48 | Refinery, SCV | |
| 24 | 0:50 | Refinery | |
| 24 | 1:00 | Supply Bunker, SCV | |
| 24 | 1:08 | SCV | |
| 26 | 1:16 | SCV | |
| 27 | 1:31 | SCV | |
| 29 | 1:47 | Dominion Trooper | |
| 30 | 1:55 | Dominion Trooper, Barracks | |
| 31 | 2:03 | Dominion Trooper | |
| 31 | 2:07 | Engineering Bay | |
| 32 | 2:11 | Dominion Trooper | |
| 32 | 2:14 | Engineering Bay | |
| 32 | 2:19 | Dominion Trooper | |
| 34 | 2:26 | Supply Bunker, Dominion Trooper x6 | |
| 34 | 2:27 | Dominion Trooper | |
| 41 | 2:34 | SCV x5 | |
| 41 | 2:35 | SCV, Dominion Trooper | |
| 41 | 2:44 | SCV | |
| 41 | 2:54 | Dominion Trooper | |
| 41 | 2:56 | Dominion Trooper x2 | |
| 41 | 2:57 | Dominion Trooper x4 | |
| 41 | 3:01 | SCV | |
| 41 | 3:07 | Aim-assist Embrasures | |
| 41 | 3:08 | Hemispheric Acceleraants, SCV | |
| 43 | 3:27 | SCV | |
| 43 | 3:50 | Marauder | |
| 47 | 4:14 | Factory | |
| 48 | 4:41 | Dominion Trooper | |
| 48 | 4:49 | Dominion Trooper | |
| 50 | 4:57 | Dominion Trooper | |
| 57 | 5:01 | Supply Bunker, Dominion Trooper x6 | |
| 57 | 5:05 | Dominion Trooper | |
| 57 | 5:08 | Orbital Trooper Pods | |
| 58 | 5:13 | Dominion Trooper | |
| 59 | 5:21 | Dominion Trooper | |
| 59 | 5:28 | Command Center | |
| 59 | 5:29 | Dominion Trooper | |
| 61 | 5:37 | Dominion Trooper | |
| 53 | 6:22 | Neosteel Armor | |
| 53 | 6:24 | Terran Infantry Weapons Level 1 | |
| 53 | 6:40 | Supply Bunker | |
| 53 | 6:52 | Supply Bunker | |
| 53 | 7:22 | Armory | |
| 53 | 7:27 | Supply Bunker, Dominion Trooper x6 | |
| 60 | 7:51 | Dominion Trooper | |
| 60 | 7:59 | Dominion Trooper | |
| 62 | 8:07 | Dominion Trooper | |
| 63 | 8:15 | Dominion Trooper | |
| 63 | 8:38 | Dominion Trooper | |
| 63 | 8:39 | Dominion Trooper | |
| 67 | 8:46 | Dominion Trooper x2 | |
| 69 | 8:54 | Dominion Trooper x2 | |
| 69 | 8:56 | Terran Infantry Armor Level 1 | |
| 69 | 8:57 | Starport | |
| 71 | 9:02 | Dominion Trooper x2 | |
| 73 | 9:10 | Dominion Trooper x2 | |
| 73 | 9:16 | SCV x2 | |
| 75 | 9:24 | SCV x2 | |
| 77 | 9:32 | SCV x2 | |
| 77 | 9:33 | Refinery | |
| 79 | 9:40 | SCV | |
| 79 | 9:43 | Supply Bunker, Dominion Trooper x6 | |
| 79 | 9:44 | Terran Infantry Weapons Level 2 | |
| 86 | 10:15 | SCV | |
| 86 | 10:19 | Refinery | |
| 76 | 10:23 | SCV | |
| 65 | 10:31 | SCV | |
| 65 | 10:39 | SCV | |
| 67 | 10:46 | SCV | |
| 68 | 10:54 | SCV | |
| 68 | 10:55 | Dominion Trooper | |
| 64 | 11:02 | SCV | |
| 64 | 11:03 | Dominion Trooper | |
| 66 | 11:11 | Dominion Trooper | |
| 66 | 11:18 | Dominion Trooper | |
| 66 | 11:19 | Dominion Trooper | |
| 70 | 11:26 | Dominion Trooper | |
| 70 | 11:27 | Dominion Trooper | |
| 71 | 11:34 | Dominion Trooper | |
| 71 | 11:35 | Dominion Trooper | |
| 69 | 11:42 | Dominion Trooper | |
| 69 | 11:43 | Dominion Trooper | |
| 66 | 11:50 | Dominion Trooper x2 | |
| 66 | 11:58 | Dominion Trooper x2 | |
| 68 | 12:06 | Dominion Trooper x2 | |
| 67 | 12:14 | Dominion Trooper x2 | |
| 67 | 12:22 | Dominion Trooper x2 | |
| 67 | 12:28 | Medivac | |
| 71 | 12:30 | Dominion Trooper x2, SCV | |
| 71 | 12:38 | Dominion Trooper | |
| 71 | 12:39 | Starport | |
| 75 | 12:41 | Terran Infantry Armor Level 2 | |
| 75 | 12:42 | Starport | |
| 75 | 12:44 | Refinery | |
| 75 | 12:45 | Refinery | |
| 75 | 12:46 | Dominion Trooper x2 | |
| 75 | 12:49 | Imperial Witness | |
| 79 | 12:54 | Dominion Trooper x2 | |
| 81 | 13:01 | Dominion Trooper | |
| 81 | 13:02 | Dominion Trooper | |
| 81 | 13:09 | SCV, Dominion Trooper | |
| 84 | 13:10 | Dominion Trooper | |
| 84 | 13:11 | Terran Infantry Weapons Level 3 | |
| 84 | 13:17 | SCV | |
| 84 | 13:19 | Medivac | |
| 87 | 13:21 | Smart Servos | |
| 87 | 13:25 | SCV | |
| 88 | 13:35 | Supply Bunker, Dominion Trooper x6, SCV | |
| 88 | 13:39 | Imperial Witness | |
| 95 | 13:43 | SCV | |
| 95 | 13:46 | Supply Bunker | |
| 95 | 13:47 | Supply Bunker | |
| 98 | 14:09 | Medivac | |
| 100 | 14:10 | Imperial Witness x2 | |
| 105 | 15:40 | Imperial Witness | |
| 105 | 15:42 | Imperial Witness | |
| 105 | 15:51 | Dominion Trooper x2 | |
| 105 | 15:55 | Marauder | |
| 105 | 15:59 | Dominion Trooper x2 | |
| 113 | 16:07 | Dominion Trooper x2 | |
| 115 | 16:15 | Dominion Trooper x2 | |
| 117 | 16:23 | Dominion Trooper x2 | |
| 117 | 16:27 | Supply Bunker, Dominion Trooper x6, Marauder | |
| 117 | 16:28 | Supply Bunker, Dominion Trooper x6 | |
| 135 | 16:31 | Dominion Trooper x2 | |
| 135 | 16:39 | Dominion Trooper x2 | |
| 132 | 16:47 | Dominion Trooper x2, Terran Infantry Armor Level 3 | |
| 124 | 16:54 | Imperial Witness | |
| 124 | 17:00 | Dominion Trooper x2 | |
| 124 | 17:08 | Dominion Trooper x2 | |
| 126 | 17:57 | Imperial Witness | |
| 124 | 18:01 | Dominion Trooper | |
| 124 | 18:04 | Dominion Trooper | |
| 124 | 18:09 | Dominion Trooper | |
| 126 | 18:12 | Dominion Trooper | |
| 126 | 18:23 | Dominion Trooper, Supply Bunker | |
| 126 | 18:26 | Dominion Trooper | |
| 126 | 18:28 | Supply Bunker | |
| 126 | 18:29 | Supply Bunker | |
| 126 | 18:30 | Supply Bunker | |
| 126 | 18:37 | Dominion Trooper | |
| 132 | 18:42 | Supply Bunker, Dominion Trooper x6, Marauder | |
| 138 | 18:50 | Dominion Trooper x2 | |
| 138 | 18:54 | Medivac x2 | |
| 138 | 18:55 | Medivac | |
| 138 | 18:58 | Dominion Trooper x2 | |
| 148 | 19:04 | Refinery | |
| 148 | 19:06 | Dominion Trooper x2 | |
| 149 | 19:12 | Marauder | |
| 149 | 19:14 | Dominion Trooper x2, Imperial Witness x2 | |
| 149 | 19:15 | Medivac x2 | |
| 149 | 19:16 | Medivac | |
| 158 | 19:22 | Dominion Trooper | |
| 149 | 19:36 | Medivac x3 | |
| 153 | 19:40 | Supply Bunker, Dominion Trooper x6 | |
| 149 | 19:57 | Medivac | |
| 138 | 20:10 | Dominion Trooper | |
| 138 | 20:11 | Dominion Trooper | |
| 138 | 20:18 | Dominion Trooper, Refinery | |
| 138 | 20:19 | Dominion Trooper | |
| 142 | 20:26 | Dominion Trooper x2 | |
| 142 | 20:27 | Armament Stabilizers | |
| 144 | 20:31 | Medivac | |
| 144 | 20:32 | Medivac x2 | |
| 144 | 20:34 | Dominion Trooper x2 | |
| 152 | 20:42 | Dominion Trooper x2 | |
| 153 | 20:50 | Dominion Trooper x2 | |
| 153 | 20:52 | Medivac | |
| 153 | 20:53 | Medivac | |
| 153 | 20:58 | Dominion Trooper x2 | |
| 161 | 21:03 | Imperial Witness | |
| 161 | 21:06 | Dominion Trooper x2 | |
| 160 | 22:08 | Supply Bunker x2 | |
| 160 | 22:09 | Supply Bunker | |
| 160 | 22:15 | Unknown x8 | |
| 160 | 22:16 | Unknown x2 | |
| 158 | 22:58 | Imperial Witness | |
| 158 | 23:13 | Supply Bunker, Dominion Trooper x6 | |
| 163 | 23:52 | Earthsplitter Ordinance | |
| 163 | 23:56 | Earthsplitter Ordinance | |
| 163 | 23:58 | Earthsplitter Ordinance | |
| 163 | 24:02 | Earthsplitter Ordinance | |
| 163 | 24:11 | SCV x2 | |
| 163 | 24:19 | SCV x2 | |
| 164 | 24:27 | SCV x2 | |
| 166 | 24:30 | Supply Bunker, Dominion Trooper x6 | |
| 166 | 24:35 | SCV x2 | |
| 166 | 24:36 | Earthsplitter Ordinance | |
| 162 | 24:43 | SCV x2 | |
| 163 | 24:50 | Earthsplitter Ordinance | |
| 163 | 25:12 | Dominion Trooper x2 | |
| 163 | 25:17 | Earthsplitter Ordinance | |
| 165 | 25:20 | Dominion Trooper x2 | |
| 165 | 25:28 | Dominion Trooper x2 | |